 Dungeon Crawl Stone Soup version 0.21-a0-216-g6d3fd91 (webtiles) character file.

52250 Lavandula the Frost Mage (level 14, -4/122 HPs)
             Began as a Ghoul Ice Elementalist on Aug 23, 2017.
             Was a High Priest of Ru.
             Slain by a crocodile (7 damage)
             ... on level 4 of the Lair of Beasts.
             The game lasted 02:57:26 (15226 turns).

Lavandula the Frost Mage (Ghoul Ice Elementalist)  Turns: 15226, Time: 02:57:36

Health: -4/122     AC:  8    Str: 15    XL:     14   Next: 63%
Magic:  22/22      EV: 10    Int: 18    God:    Ru [*****.]
Gold:   308        SH:  4    Dex:  9    Spells: 8/26 levels left

rFire    x . .     SeeInvis +   R - +2 trident (vamp)
rCold    + . .     Gourm    .   w - +1 buckler {rPois}
rNeg     + + +     Faith    .   a - +1 leather armour {rC+}
rPois    ∞         Spirit   .   E - +0 hat {SInv}
rElec    .         Reflect  .   Q - scarf {repulsion}
rCorr    .         Harm     .   D - +2 pair of gloves
MR       .....                  i - +0 pair of boots
Stlth    +.........             S - amulet "Janteet" {RegenMP rPois Str+2}
HPRegen  0.00/turn              M - ring of wizardry
MPRegen  0.43/turn              m - +4 ring of intelligence

@: exhausted, about to teleport, very slightly contaminated, rotting, extremely
drained, repel missiles
A: rotting body, claws 1, carnivore 3, cold resistance 1, negative energy
resistance 3, inhibited regeneration, torment resistance, unbreathing, magic
vulnerability 1, missing an eye, temperature sensitive
a: Sacrifice Words, Sacrifice Artifice, Sacrifice Arcana, Reject Sacrifices,
Draw Out Power, Power Leap, Apocalypse, Renounce Religion


You were on level 4 of the Lair of Beasts.
You worshipped Ru.
Ru was extremely pleased with you.
You were not hungry.

You visited 4 branches of the dungeon, and saw 22 of its levels.
You also visited: Sewer, Bailey and Ice Cave.

You collected 1572 gold pieces.
You spent 1264 gold pieces at shops.

Inventory:

Hand Weapons
 l - a +6 spear of venom
 v - a +5 halberd of chopping
 R - a +2 vampiric trident (weapon)
Missiles
 U - 4 throwing nets (quivered)
Armour
 a - a +1 leather armour of cold resistance (worn)
 f - the +2 pair of gloves of Defiance {+Fly rC- rN++}
   (You found it on level 7 of the Dungeon)

   It makes you vulnerable to cold.
   It greatly protects you from negative energy.
   It lets you fly.
 i - a +0 pair of boots (worn)
 w - a +1 buckler of poison resistance (worn)
 D - a +2 pair of gloves (worn)
 E - a +0 hat of see invisible (worn)
 I - a +1 ring mail of magic resistance
 Q - a scarf of repulsion (worn)
 Z - a scarf of cloud immunity
Jewellery
 m - a +4 ring of intelligence (right hand)
 s - a +5 ring of protection
 x - an uncursed ring of protection from magic
 K - the ring "Wuosme" {rPois rF+ rC- rN++ Stlth+}
   (You found it on level 2 of the Shoals)

   [ring of protection from fire]

   It protects you from fire.
   It makes you vulnerable to cold.
   It protects you from poison.
   It greatly protects you from negative energy.
   It makes you more stealthy.
 M - a ring of wizardry (left hand)
 S - the amulet "Janteet" (around neck) {RegenMP rPois Str+2}
   (You bought it in a shop on level 8 of the Dungeon)

   [amulet of magic regeneration]

   It increases your magic regeneration.
   It affects your strength (+2).
   It protects you from poison.
 Y - the ring "Esolaim" {Str+6 Slay+3}
   (You found it on level 2 of the Shoals)

   [ring of slaying]

   It affects your strength (+6).
   It affects your accuracy and damage with ranged weapons and melee attacks
   (+3).
Wands
 t - a wand of polymorph (13/24)
 u - a wand of flame (10/48)
 y - a wand of enslavement (10/24)
 J - a wand of paralysis (17/24)
 N - a wand of scattershot (5/9)
 P - a wand of digging (18/24)
 T - a wand of paralysis (15/24)
Scrolls
 d - 3 scrolls of amnesia
 k - a scroll of fog
 A - a scroll of magic mapping
 B - 2 scrolls of remove curse
 C - 5 scrolls of vulnerability
 G - 2 scrolls of immolation
 H - a scroll of random uselessness {unknown}
 L - a scroll of teleportation
 W - a scroll of recharging
Potions
 e - 5 potions of heal wounds
 g - 2 potions of magic
 h - a potion of invisibility
 j - a potion of might
 n - 2 potions of haste
 o - 5 potions of brilliance
 p - 3 potions of flight
 q - a potion of resistance
 r - 2 potions of agility
 z - a potion of curing
 X - a potion of cancellation
Miscellaneous
 F - a phial of floods (inert)
Comestibles
 b - 6 chunks of flesh
 c - 9 meat rations
 V - 10 royal jellies


   Skills:
 - Level 10.5(4.1) Fighting
 - Level 8.5(2.5) Polearms
 + Level 7.0(1.2) Dodging
 - Level 4.1(0.0) Stealth
 - Level 6.3(0.6) Shields
 - Level 2.0(0.0) Unarmed Combat
 - Level 6.6(0.8) Spellcasting
 - Level 6.0(0.3) Conjurations
 - Level 1.3(0.0) Charms
 - Level 5.2(0.0) Summonings
 - Level 12.1(5.5) Ice Magic
 - Level 7.8(1.8) Air Magic
 - Level 2.0(0.0) Evocations


You had 8 spell levels left.
You knew the following spells:

 Your Spells              Type           Power        Failure   Level  Hunger
a - Freeze                Ice            ###.         1%          1    ##.....
b - Ozocubu's Armour      Chrm/Ice       ##......     16%         3    ####...
c - Summon Ice Beast      Ice/Summ       ##......     43%         4    #####..
d - Throw Icicle          Conj/Ice       ##......     41%         4    #####..
e - Freezing Cloud        Conj/Ice/Air   ##........   100%        6    #######


Dungeon Overview and Level Annotations

Branches:
Dungeon (12/15)            Temple (0/1) D:5            Lair (4/6) D:8
 Shoals (4/4) Lair:4        Snake (0/4) Lair:4          Orc (2/2) D:11
    Elf (0/3) Orc:2

Altars:
Ashenzari
Cheibriados
Fedhas
Gozag
Makhleb
Qazlal
Ru
Trog
Uskayaw
Vehumet
Xom
Zin
The Shining One
Beogh

Shops:
D:8 =   D:11 [=[   Orc:2 =:*[(   Shoals:3 *

Annotations:
D:12 Harold
Lair:1 Leibowitz's ghost, journeyman MiBe
Shoals:3 exclusion: downstairs
Shoals:4 Ilsuiw


Innate Abilities, Weirdness & Mutations

Your body is rotting away.
You thrive on raw meat.
You are immune to poison.
You have sharp fingernails.
You are carnivorous and can eat meat at any time.
Your flesh is cold resistant. (rC+)
You are immune to negative energy. (rN+++)
You do not regenerate when monsters are visible.
You are immune to unholy pain and torment.
You can survive without breathing.
You are slightly vulnerable to magic. (MR-)
You are missing an eye, making it more difficult to aim.
You are sensitive to extremes of temperature. (rF-, rC-)


Message History

Aim: a crocodile (chance to defeat MR: 46%)
The crocodile resists with some effort.
This wand has 11 charges left.
The crocodile bites you! You block the komodo dragon's attack.
Evoke which item? (* to show all) (? for menu, Esc to quit)
Aiming: Enslavement
Press: ? - help, Shift-Dir - straight line, f/p - crocodile
Aim: a crocodile (chance to defeat MR: 46%)
The crocodile resists with some effort.
This wand has 10 charges left.
The crocodile bites you!! The komodo dragon bites you!
* * * LOW HITPOINT WARNING * * *
You are restored by drawing out deep reserves of power within.
You feel drained. The crocodile bites you. The komodo dragon bites you!!
* * * LOW HITPOINT WARNING * * *
As you read the scroll of teleportation, it crumbles to dust.
You feel strangely unstable.
The crocodile is stunned by your will and fails to attack.
The komodo dragon bites you!!
* * * LOW HITPOINT WARNING * * *
The crocodile bites you!
You die...

##.5P..# ####Y.# #Y##
###### #l# ##.##.###.#
##.#....P#.#
#...l...÷†.#
##.l#t#..#..#
#..#@########
#####.### #≈#≈≈..#####
#########≈≈≈≈.≈≈≈≈P#
#....#.##≈≈≈≈.≈≈≈≈≈#
#.......≈≈≈##'##≈≈≈##
##.......≈≈##...##≈≈≈#
.........≈≈#.....#≈≈##
.........≈≈#..>..#≈≈≈#


You could see a komodo dragon, a crocodile and a frilled lizard.

Vanquished Creatures
  A merfolk javelineer (Shoals:4)
  2 merfolk impalers
  A two-headed ogre (Orc:2)
  2 satyrs (Shoals:4)
  4 sea snakes
  An orc knight (Orc:1)
  A harpy (Shoals:2)
  2 cyclopes
  2 deep elf magi
  2 oklob plants (Lair:3)
  3 manticores
  A black mamba (Lair:3)
  4 elephants (Lair:4)
  A water nymph (Shoals:4)
  2 merfolk sirens (Shoals:4)
  2 ice statues (IceCv)
  A spiny frog (Lair:3)
  A komodo dragon (Lair:3)
  9 ice devils
  A wind drake (Shoals:2)
  A queen bee (Lair:2)
  3 blink frogs (Lair:3)
  9 merfolk
  3 dream sheep (Shoals:3)
  4 snapping turtles
  2 hippogriffs
  2 wraiths (D:10)
  2 wyverns
  A yak (Lair:1)
  3 water elementals
  4 nagas (Lair:4)
  2 wargs
  6 swamp worms (D:8)
  2 water moccasins
  A porcupine (Lair:1)
  13 orc warriors
  2 ice beasts (D:8)
  A sky beast (D:5)
  A black bear (D:8)
  A phantom (D:10)
  A centaur (D:8)
  5 crocodiles
  2 wolves (Lair:4)
  4 ogres
  2 big kobolds
  9 bullfrogs
  A water moccasin zombie (D:6)
  A scorpion (D:10)
  8 killer bees (Lair:2)
  4 wights (D:11)
  2 electric eels (Lair:4)
  2 howler monkeys (D:7)
  4 crimson imps
  A draconian simulacrum (IceCv)
  2 jellies
  A hound (D:4)
  9 orc wizards
  12 orc priests
  2 iguanas
  A human skeleton (D:9)
  3 worker ants
  2 troll simulacra (IceCv)
  A centaur simulacrum (IceCv)
  A hound zombie (D:11)
  A hound skeleton (D:5)
  A mummy (D:9)
  2 worker ant zombies
  9 adders
  3 gnolls
  2 howler monkey skeletons
  A naga simulacrum (IceCv)
  A river rat (D:5)
  3 ogre simulacra (IceCv)
  2 shadow imps
  An adder skeleton (D:7)
  10 worms
  5 leopard geckos
  49 orcs
  3 bats
  A giant cockroach (D:3)
  2 goblins (D:3)
  2 hobgoblins
  8 jackals
  5 kobolds
  6 quokkas
  A ball python skeleton (D:5)
  4 frilled lizards
  2 quokka skeletons
  2 rats
  9 fungi
  18 plants
339 creatures vanquished.

Vanquished Creatures (collateral kills)
  Gastronok (D:9)
  An orc warlord (Orc:2)
  3 merfolk impalers
  2 merfolk javelineers
  Josephine (D:10)
  A merfolk aquamancer (Shoals:3)
  A merfolk avatar (Shoals:4)
  2 two-headed ogres (D:8)
  A satyr (Shoals:3)
  An orc high priest (Orc:2)
  8 sea snakes
  3 orc knights
  A necromancer (IceCv)
  3 orc sorcerers (Orc:2)
  3 oklob plants (Lair:3)
  2 fauns (Shoals:2)
  5 manticores
  2 cyclopes
  Joseph (D:8)
  6 elephants (Lair:4)
  5 merfolk sirens
  4 water nymphs
  An ice statue (IceCv)
  A spiny frog (Lair:4)
  3 trolls
  11 merfolk
  4 wind drakes
  6 blink frogs
  5 snapping turtles
  3 hippogriffs
  A spriggan (D:8)
  3 water elementals
  A wyvern (D:8)
  A wraith (D:10)
  2 yaks (Lair:1)
  A swamp worm (D:8)
  5 wargs
  2 porcupines
  20 orc warriors
  An eye of draining (D:10)
  A sky beast (D:9)
  2 ogres
  4 wolves (Lair:4)
  2 crocodiles
  5 bullfrogs
  A gnoll sergeant (D:7)
  15 killer bees (Lair:2)
  A wight (D:11)
  A draconian simulacrum (IceCv)
  A howler monkey (D:10)
  A bullfrog zombie (D:6)
  A centaur zombie (D:11)
  15 orc priests
  16 orc wizards
  A gnoll shaman (D:5)
  A jelly (D:9)
  2 iguanas (Lair:4)
  6 gnolls
  2 shadow imps
  6 worms (D:8)
  2 leopard geckos
  41 orcs
  A jackal (D:9)
  A quokka (D:8)
  2 fungi
  4 plants
263 creatures vanquished.

Vanquished Creatures (others)
  Sonja (D:10)
  2 manticores (Shoals:3)
  A rime drake (Lair:4)
  A merfolk (Shoals:4)
  A killer bee (Lair:2)
  A draconian simulacrum (IceCv)
  An orc (Orc:1)
  A kobold (D:11)
  8 fungi
  11 plants
  4 tentacles (Shoals:3)
32 creatures vanquished.

Grand Total: 634 creatures vanquished

Notes
Turn   | Place    | Note
-------+----------+-------------------------------------------
     0 | D:1      | Lavandula the Ghoul Ice Elementalist began the quest for the Orb.
     0 | D:1      | Reached XP level 1. HP: 14/14 MP: 2/2
    89 | D:2      | Found a glowing golden altar of the Shining One.
   156 | D:3      | Reached XP level 2. HP: 12/20 MP: 0/4
   376 | D:3      | Reached skill level 1 in Unarmed Combat
   386 | D:3      | Reached XP level 3. HP: 26/26 MP: 0/5
   431 | D:3      | Found a bloodstained altar of Trog.
   439 | D:3      | Found a burning altar of Makhleb.
   545 | D:3      | Reached skill level 4 in Ice Magic
   596 | D:3      | Found a shimmering altar of Xom.
   599 | D:3      | Found a sacrificial altar of Ru.
   600 | D:3      | Found an opulent altar of Gozag.
   618 | D:3      | Became a worshipper of Ru the Awakened
   641 | D:4      | Reached XP level 4. HP: 33/33 MP: 2/6
   668 | D:4      | Noticed an ogre
   798 | D:4      | Reached skill level 5 in Ice Magic
   806 | D:4      | Learned a level 3 spell: Ozocubu's Armour
   862 | D:5      | Entered Level 5 of the Dungeon
   909 | D:4      | Killed an ogre
   909 | D:4      | Reached XP level 5. HP: 33/38 MP: 0/8
   918 | D:4      | Learned a level 4 spell: Summon Ice Beast
  1004 | D:5      | Noticed a phantom
  1051 | D:5      | Reached skill level 1 in Fighting
  1051 | D:5      | Reached XP level 6. HP: 48/48 MP: 6/9
  1088 | D:5      | Reached skill level 1 in Charms
  1122 | D:5      | Found a glowing drain.
  1127 | Sewer    | Entered a sewer
  1130 | Sewer    | Noticed Herrn's ghost (amateur NaMo)
  1228 | D:5      | Reached skill level 1 in Summonings
  1233 | D:5      | Found a staircase to the Ecumenical Temple.
  1296 | D:5      | Noticed a sky beast
  1343 | D:5      | Killed a sky beast
  1343 | D:5      | Reached XP level 7. HP: 34/53 MP: 2/10
  1458 | D:6      | Gained mutation: You are slightly vulnerable to magic. (MR-) [Ru sacrifice]
  1458 | D:6      | Reached * piety under Ru
  1863 | D:7      | Found a hide-covered altar of Uskayaw.
  1980 | D:7      | Found a flagged portal.
  1992 | Bailey   | Entered a bailey
  1999 | Bailey   | Noticed a deep elf mage
  2019 | Bailey   | Killed a deep elf mage
  2019 | Bailey   | Reached skill level 5 in Fighting
  2019 | Bailey   | Reached XP level 8. HP: 64/68 MP: 0/11
  2112 | Bailey   | Noticed a deep elf mage
  2132 | Bailey   | Noticed a deep elf mage
  2149 | D:7      | Killed a deep elf mage
  2149 | D:7      | Reached skill level 7 in Ice Magic
  2161 | D:7      | Found a glowing silver altar of Zin.
  2266 | D:7      | HP: 3/69 [orc warrior/glaive (25)]
  2330 | D:7      | Got a pair of ancient gloves
  2638 | D:7      | Identified the +2 pair of gloves of Defiance {+Fly rC- rN++} (You found it on level 7 of the Dungeon)
  2670 | D:8      | Noticed a wyvern
  2695 | D:8      | Killed a wyvern
  2695 | D:8      | Reached skill level 5 in Summonings
  2829 | D:8      | Found a staircase to the Lair.
  2856 | D:8      | Noticed a two-headed ogre
  2937 | Lair:1   | Entered Level 1 of the Lair of Beasts
  2984 | Lair:1   | Reached XP level 9. HP: 70/73 MP: 5/13
  3224 | Lair:1   | Noticed Leibowitz's ghost (journeyman MiBe)
  3248 | Lair:1   | Reached skill level 5 in Spellcasting
  3254 | Lair:1   | Learned a level 4 spell: Throw Icicle
  3353 | Lair:1   | Noticed a six-headed hydra
  3515 | D:8      | Noticed Joseph
  3595 | D:7      | Found a snail-covered altar of Cheibriados.
  3863 | D:8      | Reached skill level 1 in Polearms
  3935 | D:8      | Gained mutation: You are sensitive to extremes of temperature. (rF-, rC-) [Ru sacrifice]
  3935 | D:8      | Reached ** piety under Ru
  3935 | D:8      | Reached *** piety under Ru
  3935 | D:8      | Reached **** piety under Ru
  4082 | D:8      | Found Kongaoqe's Jewellery Shoppe.
  4112 | D:8      | Found a blossoming altar of Fedhas.
  4114 | D:8      | Found a stormy altar of Qazlal.
  4173 | D:8      | Noticed a two-headed ogre
  4182 | D:8      | Killed a two-headed ogre
  4182 | D:8      | Reached skill level 5 in Polearms
  4182 | D:8      | Reached XP level 10. HP: 81/81 MP: 4/16
  4602 | D:9      | Noticed Gastronok
  4619 | D:9      | Killed Gastronok
  4788 | D:10     | Entered Level 10 of the Dungeon
  4866 | D:10     | Identified the Disquisition on Congealing Good Luck
  4868 | D:10     | lucky
  4875 | D:10     | Learned a level 6 spell: Freezing Cloud
  4988 | D:10     | Reached skill level 8 in Ice Magic
  4989 | D:10     | Noticed Josephine
  5049 | D:10     | Noticed Sonja
  5089 | D:10     | Your ally died
  5093 | D:10     | Killed Josephine
  5093 | D:10     | Reached skill level 9 in Ice Magic
  5183 | D:10     | Reached skill level 1 in Conjurations
  5285 | D:11     | Found Faim's Jewellery Shoppe.
  5298 | D:11     | Found Xuwkah's Armour Emporium.
  5310 | D:11     | Reached XP level 11. HP: 83/89 MP: 2/17
  5324 | D:11     | Bought an uncursed ring of wizardry for 390 gold pieces
  5435 | D:11     | Found Lintug's Antique Armour Shop.
  5486 | D:12     | Noticed Harold
  5616 | D:11     | Reached skill level 1 in Air Magic
  5628 | D:11     | Noticed a manticore
  5642 | D:10     | Gained mutation: You are missing an eye, making it more difficult to aim. [Ru sacrifice]
  5642 | D:10     | Reached ***** piety under Ru
  5680 | D:11     | Found a staircase to the Orcish Mines.
  5715 | Orc:1    | Entered Level 1 of the Orcish Mines
  5863 | Orc:1    | Found a radiant altar of Vehumet.
  6061 | Orc:2    | Entered Level 2 of the Orcish Mines
  6131 | Orc:2    | Found a roughly hewn altar of Beogh.
  6161 | Orc:2    | Noticed an orc knight
  6224 | Orc:1    | Killed an orc knight
  6678 | Orc:2    | Found a roughly hewn altar of Beogh.
  6801 | Orc:2    | Found a roughly hewn altar of Beogh.
  6814 | Orc:2    | Found a roughly hewn altar of Beogh.
  6835 | Orc:2    | Noticed an orc sorcerer
  6845 | Orc:2    | Paralysed by an orc sorcerer for 5 turns
  6852 | Orc:2    | Noticed an orc knight
  6901 | Orc:2    | Noticed an orc knight
  6909 | Orc:2    | Noticed an orc sorcerer
  6912 | Orc:2    | Killed an orc sorcerer
  6921 | Orc:2    | Killed an orc sorcerer
  6925 | Orc:2    | Noticed an orc knight
  6931 | Orc:2    | Killed an orc knight
  7055 | Orc:1    | Killed an orc knight
  7055 | Orc:1    | Reached skill level 5 in Conjurations
  7199 | Orc:2    | Killed an orc knight
  7294 | Orc:2    | Found a staircase to the Elven Halls.
  7310 | Orc:2    | Noticed a two-headed ogre
  7319 | Orc:2    | Killed a two-headed ogre
  7334 | Orc:2    | Found a roughly hewn altar of Beogh.
  7434 | Orc:2    | Noticed a cyclops
  7455 | Orc:2    | Killed a cyclops
  7646 | Orc:2    | Noticed an orc high priest
  7650 | Orc:2    | Noticed a sun demon
  7653 | Orc:2    | Killed an orc high priest
  7816 | Orc:2    | Found a roughly hewn altar of Beogh.
  7816 | Orc:2    | Noticed an orc sorcerer
  7912 | Orc:2    | Found a roughly hewn altar of Beogh.
  7948 | Orc:2    | Found Hovvoph's Jewellery Emporium.
  7995 | Orc:2    | Killed an orc sorcerer
  7995 | Orc:2    | Reached skill level 5 in Air Magic
  8002 | Orc:2    | Found Wiupp's Book Shop.
  8040 | Orc:2    | Found a roughly hewn altar of Beogh.
  8148 | Orc:2    | Found Xuucief's General Store.
  8198 | Orc:2    | Noticed an orc warlord
  8218 | Orc:2    | Killed an orc warlord
  8218 | Orc:2    | Reached XP level 12. HP: 95/95 MP: 2/18
  8285 | Orc:2    | Found Taplopsa's Antique Weapon Emporium.
  8286 | Orc:2    | Found a roughly hewn altar of Beogh.
  8302 | Orc:2    | Found Xeefaytt's Antique Armour Shoppe.
  8339 | Orc:2    | Bought a scarf of repulsion for 132 gold pieces
  8339 | Orc:2    | Bought a scroll of identify for 22 gold pieces
  8593 | D:8      | Bought the amulet "Janteet" {RegenMP rPois Str+2} for 590 gold pieces
  8626 | D:8      | Killed a two-headed ogre
  8660 | D:8      | Killed Joseph
  8980 | Lair:2   | Found a frozen archway.
  9076 | IceCv    | Entered an ice cave
  9636 | IceCv    | Reached skill level 1 in Evocations
 10422 | Lair:3   | Reached skill level 5 in Dodging
 10702 | Lair:3   | Reached XP level 13. HP: 84/102 MP: 6/19
 10910 | Lair:3   | Found a shattered altar of Ashenzari.
 11033 | Lair:4   | Found a staircase to the Snake Pit.
 11441 | Lair:4   | Found a staircase to the Shoals.
 11508 | Shoals:1 | Entered Level 1 of the Shoals
 11651 | Shoals:1 | Reached skill level 10 in Ice Magic
 11719 | Shoals:2 | Found a transporter.
 11916 | Shoals:2 | Found a transporter.
 11932 | Shoals:2 | Noticed a merfolk impaler
 11938 | Shoals:2 | Reached skill level 11 in Ice Magic
 11939 | Shoals:2 | Killed a merfolk impaler
 11978 | Shoals:2 | Identified Bataeg's Thorough Guide to Witchery
 11983 | Shoals:2 | Got a bound bronze ring
 11985 | Shoals:2 | Identified the ring "Esolaim" {Str+6 Slay+3} (You found it on level 2 of the Shoals)
 12004 | Shoals:2 | Got a serpentine golden ring
 12005 | Shoals:2 | Identified the ring "Wuosme" {rPois rF+ rC- rN++ Stlth+} (You found it on level 2 of the Shoals)
 12009 | Shoals:2 | Got a dazzling shortbow
 12010 | Shoals:2 | Identified the +8 shortbow "Loaff" {speed, Int+4} (You found it on level 2 of the Shoals)
 12168 | Shoals:2 | Noticed a merfolk impaler
 12183 | Shoals:2 | Killed a merfolk impaler
 12213 | Shoals:2 | Reached skill level 12 in Ice Magic
 12359 | Shoals:3 | Noticed a kraken
 12473 | Shoals:3 | Reached skill level 1 in Shields
 12698 | Shoals:4 | Entered Level 4 of the Shoals
 12855 | Shoals:3 | Noticed a merfolk javelineer
 12911 | Shoals:3 | Killed a merfolk javelineer
 12915 | Shoals:3 | Noticed a kraken
 13004 | Shoals:3 | Noticed a kraken
 13055 | Shoals:3 | Found Adoxoipu's Assorted Antiques.
 13082 | Shoals:3 | Bought a scroll labeled VENTIOSEWOPT for 26 gold pieces
 13082 | Shoals:3 | Bought a bronze wand for 104 gold pieces
 13100 | Shoals:4 | Noticed a merfolk impaler
 13101 | Shoals:4 | Reached XP level 14. HP: 85/112 MP: 19/22
 13118 | Shoals:4 | Reached skill level 5 in Shields
 13275 | Shoals:4 | Noticed Ilsuiw
 14264 | Shoals:4 | Noticed a frost giant
 14483 | Shoals:4 | Reached skill level 10 in Fighting
 14499 | Shoals:4 | HP: 5/120 [manticore (5)]
 15226 | Lair:4   | HP: 3/122 [komodo dragon (22)]
 15226 | Lair:4   | Slain by a crocodile

Vault maps used:
D:1:      kennysheep_arrival_seaside, kennysheep_crisscross
D:2:      nicolae_overflow_crystal_walls, minmay_misc_feat_four_crosses,
          uniq_terence
D:3:      grunt_temple_overflow_open, minitemple, uniq_grinder
D:4:      first_bread, uniq_pikel
D:5:      minmay_temple_entry_large_hall, lightli_sewer_entry_pipes,
          serial_bayou_pond_d, hangedman_abyss_or_decor_stabs
D:6:      amethyst_killhole
D:7:      eat_drink_and_be_merry_uskayaw, lemuel_crystal_altar, zin_academy,
          enter_bailey_2
D:8:      grunt_temple_overflow_forces_of_nature, lair_entry_dummy,
          serial_shops, shop, hangedman_abyss_or_decor_lesser_grid, the_bakery,
          worms_lemuel, uniq_joseph
D:9:      cheibrodos_ashenzari_chains, lemuel_mausoleum_altar_yredelemnul,
          serial_glass, glass_columns_c, glass_columns_c, uniq_gastronok
D:10:     kennysheep_doodads, pond, uniq_sonja, uniq_josephine
D:11:     david_orc_2, serial_shops, shop, shop, shop, shop, nicolae_shop_stone
D:12:     corexii_mini_fake_secret_closet, uniq_harold, uniq_snorg, uniq_maurice
Lair:1:   beast_lair_carwin_11
Lair:2:   portal_ice_cave_demonic_guard
Lair:3:   lemuel_oklob_altar, minmay_lair_oklob_chamber, serial_bayou_shore_a
Lair:4:   lemuel_reptile_caves, minmay_shoals_entry_hut,
          guppyfry_snake_entry_island, small_statue_intersection,
          minmay_hedge_maze
Shoals:2: gammafunk_its_a_trap
Shoals:3: nicolae_shoals_c_island
Shoals:4: shoals_end_grunt_ice, shoal_ilsuiw
Orc:1:    basic_altar, uniq_urug
Orc:2:    grunt_orc_community_town_hall, grunt_orc_community_big_house_1,
          grunt_orc_community_big_house_1, grunt_orc_community_house_3,
          grunt_orc_community_house_3, grunt_orc_community_house_3,
          grunt_orc_community_house_2, grunt_orc_community_house_2,
          grunt_orc_community_house_1, serial_shops, shop
Sewer:    sewer_the_crocodile
Bailey:   bailey_polearm_3, bailey
IceCv:    ice_cave_tombish

Skill      XL: |  1  2  3  4  5  6  7  8  9 10 11 12 13 14 |
---------------+-------------------------------------------+-----
Spellcasting   | 2 3 5 6 |  6.6
Unarmed Combat | 1 2 |  2.0
Ice Magic      | 4 5 7 9 12 | 12.1
Fighting       | 1 5 7 10 | 10.5
Charms         | 1 |  1.3
Summonings     | 3 5 |  5.2
Dodging        | 3 6 7 |  7.0
Polearms       | 5 8 |  8.5
Conjurations   | 2 6 |  6.0
Air Magic      | 6 7 |  7.8
Evocations     | 2 |  2.0
Stealth        | 4 |  4.1
Shields        | 3 6 |  6.3

Action                   |  1- 3 |  4- 6 |  7- 9 | 10-12 | 13-15 || total
-------------------------+-------+-------+-------+-------+-------++-------
Melee: Unarmed           |    43 |    54 |   141 |       |       ||   238
       Halberd           |       |       |    62 |   634 |   156 ||   852
       Punch             |       |       |     1 |       |       ||     1
       Trident           |       |       |       |       |   135 ||   135
       Spear             |       |       |       |       |    34 ||    34
Throw: Throwing net      |       |       |       |       |     5 ||     5
 Cast: Freeze            |    28 |    52 |    64 |    57 |    31 ||   232
       Summon Ice Beast  |       |       |    43 |   238 |   205 ||   486
       Ozocubu's Armour  |       |       |     2 |    10 |    27 ||    39
       Throw Icicle      |       |       |     1 |    21 |    11 ||    33
       Freezing Cloud    |       |       |       |     3 |     2 ||     5
Invok: Sacrifice Essence |       |       |     1 |       |       ||     1
       Sacrifice Resista |       |       |     1 |       |       ||     1
       Draw Out Power    |       |       |       |    15 |    11 ||    26
       Apocalypse        |       |       |       |     6 |    11 ||    17
       Sacrifice an Eye  |       |       |       |     1 |       ||     1
       Power Leap        |       |       |       |     1 |     1 ||     2
Evoke: Wand              |       |       |     7 |    18 |    18 ||    43
       Phial of floods   |       |       |       |     2 |     2 ||     4
  Use: Scroll            |     1 |     7 |    11 |    15 |    16 ||    50
       Potion            |       |     1 |     3 |     1 |     1 ||     6
 Stab: Sleeping          |     1 |     1 |     3 |     4 |     2 ||    11
       Distracted        |       |       |     1 |     5 |    12 ||    18
       Invisible         |       |       |       |     2 |       ||     2
       Paralysed         |       |       |       |     4 |    15 ||    19
       Held in net/web   |       |       |       |       |     1 ||     1
  Eat: Chunk             |    10 |    15 |    66 |   118 |    88 ||   297
       Royal jelly       |       |       |       |     5 |     4 ||     9
Armor: Robe              |    13 |    15 |    38 |    59 |       ||   125
       Leather armour    |       |       |       |    36 |    98 ||   134
Dodge: Dodged            |    39 |    66 |   113 |   273 |   191 ||   682
       Deflected         |       |       |       |     2 |    20 ||    22
Block: Buckler           |       |       |       |       |    30 ||    30

Table legend:
 A = Spawn XP
 B = Non-spawn XP
 C = Spawn XP percentage of total XP
 D = Spawn monster count
 E = Non-spawn monster count
 F = Spawn count percentage of total count
 G = Total turns spent on level
                    A         B        C        D         E        F      G
               +---------+---------+-------+---------+---------+-------+---------
         Total |   10169 |   64475 |  13.6 |      68 |     506 |  11.8 | 15226
               +---------+---------+-------+---------+---------+-------+---------
           D:1 |       0 |       2 |   0.0 |       0 |       1 |   0.0 |    63
           D:2 |       0 |       4 |   0.0 |       0 |       2 |   0.0 |    66
           D:3 |      15 |      30 |  33.3 |       2 |      13 |  13.3 |   525
           D:4 |       0 |     224 |   0.0 |       0 |       8 |   0.0 |   293
           D:5 |       0 |     402 |   0.0 |       0 |      22 |   0.0 |   484
           D:6 |       0 |     210 |   0.0 |       0 |       8 |   0.0 |   489
           D:7 |     186 |     951 |  16.4 |      10 |      18 |  35.7 |   917
           D:8 |     763 |    2819 |  21.3 |       7 |      38 |  15.6 |  1108
           D:9 |       0 |    1970 |   0.0 |       0 |      26 |   0.0 |   475
          D:10 |       0 |    2151 |   0.0 |       0 |      17 |   0.0 |   489
          D:11 |     113 |     983 |  10.3 |       1 |      28 |   3.4 |   380
          D:12 |       0 |       6 |   0.0 |       0 |       1 |   0.0 |    83
        Lair:1 |       0 |     717 |   0.0 |       0 |       6 |   0.0 |   570
        Lair:2 |       0 |    2092 |   0.0 |       0 |      30 |   0.0 |   444
        Lair:3 |     535 |    4533 |  10.6 |       3 |      19 |  13.6 |   579
        Lair:4 |    2949 |    3646 |  44.7 |      12 |      26 |  31.6 |   615
      Shoals:1 |       0 |    1640 |   0.0 |       0 |       7 |   0.0 |   253
      Shoals:2 |    1448 |    7324 |  16.5 |       4 |      21 |  16.0 |   639
      Shoals:3 |    3029 |    6321 |  32.4 |      10 |      22 |  31.2 |  2475
      Shoals:4 |       0 |   14994 |   0.0 |       0 |      31 |   0.0 |   246
         Orc:1 |      39 |    2553 |   1.5 |       3 |      39 |   7.1 |  1076
         Orc:2 |    1092 |    6740 |  13.9 |      16 |     101 |  13.7 |  1697
        Bailey |       0 |     388 |   0.0 |       0 |       1 |   0.0 |   141
         IceCv |       0 |    3775 |   0.0 |       0 |      21 |   0.0 |  1092
               +---------+---------+-------+---------+---------+-------+---------
